 Dungeon Crawl Stone Soup version 0.24-a0-581-gc0fa6600bf (webtiles) character file.

Game seed: 14707437160188563083

35 Flugkiller the Ruffian (level 3, -7/29 HPs)
             Began as a Draconian Transmuter on Aug 23, 2019.
             Mangled by Sigmund
             ... wielding a +0 scythe
              (12 damage)
             ... on level 2 of the Dungeon.
             The game lasted 00:01:08 (817 turns).

Flugkiller the Ruffian (Draconian Transmuter)        Turns: 817, Time: 00:01:08

Health: -7/29      AC:  5    Str: 12    XL:     3   Next: 16%
Magic:  6/6        EV: 12    Int: 14    God:
Gold:   29         SH:  0    Dex: 11    Spells: 0/6 levels left

rFire    . . .     SeeInvis .     - Unarmed
rCold    . . .     Gourm    .   (no shield)
rNeg     . . .     Faith    .   (armour unavailable)
rPois    .         Spirit   .   (helmet restricted)
rElec    .         Reflect  .   (no cloak)
rCorr    .         Harm     .   (no gloves)
MR       .....                  (no boots)
Stlth    +.........             (no amulet)
HPRegen  0.09/turn              (no ring)
MPRegen  0.10/turn              (no ring)

@: confused, very slightly contaminated
A: unfitting armour, cold-blooded, AC +5
a: no special abilities


You were on level 2 of the Dungeon.
You were not hungry.

You visited 1 branch of the dungeon, and saw 2 of its levels.

You collected 29 gold pieces.

Inventory:

Missiles
 a - 12 arrows
 f - 5 curare-tipped darts (quivered)
Scrolls
 e - a scroll of teleportation
 h - a scroll of enchant weapon
 i - a scroll of immolation
 j - a scroll of remove curse
Comestibles
 b - 6 chunks of flesh
 c - 2 rations


   Skills:
 - Level 2.0 Fighting
 - Level 1.7 Dodging
 - Level 4.0 Unarmed Combat
 - Level 2.0 Spellcasting
 + Level 2.0 Transmutations


You couldn't memorise any spells.
You knew the following spells:

 Your Spells              Type           Power        Failure   Level  Hunger
a - Beastly Appendage     Tmut           #.....       11%         1    ##.....
b - Sticks to Snakes      Tmut           #.......     16%         2    ###....
c - Spider Form           Tmut/Pois      #.........   43%         3    ####...

Your spell library contained the following spells:

 Spells                   Type           Power        Failure   Level  Hunger
 Ice Form                 Ice/Tmut       #.......     83%         4    #####..
 Blade Hands              Tmut           #.........   96%         5    ######.


Dungeon Overview and Level Annotations

Branches:
Dungeon (2/15)

Altars:

Annotations:
D:2 Sigmund


Innate Abilities, Weirdness & Mutations

Your plain brown scales are hard. (AC +5)
You cannot fit into any form of body armour.
You are cold-blooded and may be slowed by cold attacks.


Message History

Unknown command.
Your surroundings suddenly seem different.
Sigmund the Dreaded comes into view.
He is wielding a +0 scythe.
Sigmund is nearby!
Sigmund shouts!
You hear a shout!
Sigmund casts a spell.
Sigmund flickers and vanishes!
Deactivating autopickup; reactivate with Ctrl-A.
You are confused.
Okay, then.
Unknown command.
You bump into the rock wall.
Unknown command.
Something hits you!
You bump into the rock wall.
Something hits you.
You bump into the rock wall.
Unknown command.
You bump into the rock wall.
You feel less confused. Something hits you but does no damage.
Casting: Beastly Appendage (safe; 11% risk of failure)
Confirm with . or Enter, or press ? or * to list all spells.
You miscast Spider Form.
You are very lightly contaminated with residual magic.
Nothing appears to happen.
You hear some strange, mumbled words.
Something tries to affect you, but you resist.
Unknown command.
Throwing (i - inventory)
f - 7 curare-tipped darts (quivered)
Press: ? - help, Shift-Dir - straight line You throw a curare-tipped dart.
Something hits you!
* * * LOW HITPOINT WARNING * * *
Throwing (i - inventory)
f - 6 curare-tipped darts (quivered)
Press: ? - help, Shift-Dir - straight line You throw a curare-tipped dart.
Unknown command.
A magic dart appears from out of thin air!
The magic dart hits you.
* * * LOW HITPOINT WARNING * * *
You are confused.
Unknown command.
You are more confused.
You feel invigorated. Something hits you!
* * * LOW HITPOINT WARNING * * *
You feel less invigorated. Something hits you!
You die...

#### #..##
#...# #@#.#
#{#.# ##.#..
##..###.
###..## .#
..######...##
# .
.....#..###
.. #(...###
... #......#
....


There were no monsters in sight!

Vanquished Creatures
  2 dart slugs (D:1)
  3 leopard geckos
  3 giant cockroaches (D:1)
  6 goblins (D:1)
  5 hobgoblins
  3 bats (D:1)
  A frilled lizard (D:1)
  A rat (D:1)
24 creatures vanquished.

Notes
Turn   | Place    | Note
-------+----------+-------------------------------------------
     0 | D:1      | Flugkiller the Draconian Transmuter began the quest for the
                  | Orb.
     0 | D:1      | Reached XP level 1. HP: 16/16 MP: 3/3
   193 | D:1      | Reached XP level 2. HP: 23/23 MP: 5/5
   260 | D:1      | Reached skill level 4 in Unarmed Combat
   569 | D:1      | Reached XP level 3. HP: 29/29 MP: 6/6
   573 | D:1      | Learned a level 2 spell: Sticks to Snakes
   577 | D:1      | Learned a level 3 spell: Spider Form
   741 | D:2      | Found a faded altar of an unknown god.
   796 | D:2      | Noticed Sigmund
   811 | D:2      | HP: 1/29 [something/magic dart (5)]
   817 | D:2      | Mangled by Sigmund

Levels and vault maps discovered:
D:1:      saegor_arrival_simple_b, layout_basic, minmay_cupped
D:2:      layout_rooms, chequers_ecumenical_altar_simple, first_ration,
          minmay_tall_x, uniq_jessica, uniq_sigmund

Skill      XL: |  1  2  3 |
---------------+----------+-----
Unarmed Combat | 4 |  4.0
Fighting       | 2 |  2.0
Dodging        | |  1.7
Spellcasting   | |  2.0
Transmutations | |  2.0

Action                   || total
-------------------------++-------
Melee: Unarmed           ||    76
       Tailslap          ||    10
       Punch             ||     3
Throw: Dart              ||     2
  Use: Scroll            ||     5
       Potion            ||     1
 Stab: Sleeping          ||     2
Armor: Skin              ||    19
Dodge: Dodged            ||    41

Table legend:
 A = Non-vault XP
 B = Vault XP
 C = Vault XP percentage of total XP
 D = Non-vault monster count
 E = Vault monster count
 F = Vault count percentage of total count
                 A         B        C        D         E       F
            +---------+---------+-------+---------+---------+-------
      Total |      46 |       4 |   8.0 |      22 |       2 |   8.3
            +---------+---------+-------+---------+---------+-------
        D:1 |      41 |       4 |   8.9 |      20 |       2 |   9.1
        D:2 |       5 |       0 |   0.0 |       2 |       0 |   0.0
            +---------+---------+-------+---------+---------+-------
